 Dungeon Crawl Stone Soup version 0.29-a0-330-g52719c12eb (webtiles) character file.

Game seed: 4886780440844842616

72 sanka the Fighter (level 4, -1/45 HPs)
             Began as a Gnoll Wanderer on May 27, 2022.
             Slain by Terence
             ... wielding a +0 short sword
              (4 damage)
             ... on level 3 of the Dungeon.
             The game lasted 00:03:49 (3503 turns).

sanka the Fighter (Gnoll Wanderer)                  Turns: 3503, Time: 00:03:49

Health: -1/45      AC:  3    Str:  9    XL:     4   Next: 25%
Magic:  4/8        EV: 11    Int: 14    God:
Gold:   95         SH:  0    Dex: 13    Spells: 5/9 levels left

rFire   . . .      SeeInvis .   j - +1 mace (vorpal)
rCold   . . .      Faith    .   (no shield)
rNeg    . . .      Spirit   .   d - +0 robe
rPois   .          Reflect  .   (no helmet)
rElec   .          Harm     .   l - +0 cloak
rCorr   .          Rampage  .   (no gloves)
Will    .....                   (no boots)
Stlth   ++........              (no amulet)
HPRegen 0.15/turn               (no ring)
MPRegen 0.11/turn               (no ring)

@: no status effects
A: fangs 1, strong nose, distributed training
a: no special abilities


You were on level 3 of the Dungeon.
You visited 1 branch of the dungeon, and saw 3 of its levels.

You collected 95 gold pieces.


Innate Abilities, Weirdness & Mutations

You have very sharp teeth.
Your uncanny sense of smell can sniff out nearby items.
Your experience applies equally to all skills.


   Skills:
 + Level 8.5 Fighting
 + Level 1.1 Short Blades
 + Level 1.1 Long Blades
 + Level 1.1 Axes
 + Level 1.1 Maces & Flails
 + Level 1.1 Polearms
 + Level 1.1 Staves
 + Level 1.1 Slings
 + Level 1.1 Bows
 + Level 1.1 Crossbows
 + Level 1.1 Throwing
 + Level 1.1 Armour
 + Level 1.1 Dodging
 + Level 1.1 Stealth
 + Level 1.1 Shields
 + Level 1.1 Unarmed Combat
 + Level 3.0 Spellcasting
 + Level 0.8 Conjurations
 + Level 0.8 Hexes
 + Level 0.8 Summonings
 + Level 0.8 Necromancy
 + Level 3.8 Translocations
 + Level 0.8 Transmutations
 + Level 0.8 Fire Magic
 + Level 0.8 Ice Magic
 + Level 0.8 Air Magic
 + Level 3.8 Earth Magic
 + Level 0.8 Poison Magic
 + Level 2.8 Invocations
 + Level 1.1 Evocations


You had 5 spell levels left.
You knew the following spells:

 Your Spells              Type           Power      Damage    Failure   Level
x - Stone Arrow           Conj/Erth      16%        3d8       24%         3
z - Sandblast             Erth           24%        2d8       4%          1

Your spell library contained the following spells:

 Spells                   Type           Power      Damage    Failure   Level
 Apportation              Tloc           24%        N/A       4%          1
 Lesser Beckoning         Tloc           12%        N/A       13%         3
 Sublimation of Blood     Necr           4%         N/A       22%         2
 Wereblood                Tmut           4%         N/A       22%         2
 Petrify                  Tmut/Erth      8%         N/A       63%         4
 Summon Hydra             Summ           2%         N/A       100%        7

Inventory:

Hand Weapons
 a - a +0 dagger
 h - a +0 short sword
 j - a +1 vorpal mace (weapon)
Missiles
 c - 108 stones
Armour
 d - a +0 robe (worn)
 l - a +0 cloak (worn)
Scrolls
 e - 2 scrolls of silence {!r}
 f - a scroll of fear {unknown}
 i - a scroll of noise {unknown}
 k - a scroll of teleportation {unknown}
Potions
 b - a potion of mutation {!q}
 g - a potion of curing {@q1}

Dungeon Overview and Level Annotations

Branches:
Dungeon (3/15)

Altars:

Shops:
D:1 [

Annotations:
D:3 Terence

▒.▒.▒ ..▒ ▒.▒.▒ ..
▒.▒.▒ .> ▒.▒.▒ .▒
▒.▒.▒ .▒
▒.▒.▒▒▒▒▒▒▒▒▒▒▒▒▒▒†▒
▒......<▒.....††..†▒
▒▒▒.▒▒▒▒▒@▒▒▒▒▒▒▒▒▒▒
▒.....g..........▒
▒▒▒▒▒▒▒.▒▒▒▒▒▒▒▒.▒
▒.▒ ▒.▒ ▒.▒ ▒.▒
▒.▒▒▒▒▒▒▒▒.▒
▒..........▒
▒▒▒▒▒▒▒▒▒▒▒▒


You could see Terence.


Message History

Terence closely misses you. Terence attacks as you move away!
Terence hits you with a +0 short sword!
* * * LOW HITPOINT WARNING * * *
Terence attacks as you move away! Terence hits you with a +0 short sword!
* * * LOW HITPOINT WARNING * * *
Your magical contamination has completely faded away.
You see here a +0 leather armour.
It was a potion of curing.
Terence hits you with a +0 short sword.
* * * LOW HITPOINT WARNING * * *
Terence hits you with a +0 short sword.
* * * LOW HITPOINT WARNING * * *
You aren't carrying any items that you can evoke.
Unknown command.
You hit Terence.
Terence is moderately wounded.
Terence hits you with a +0 short sword!
* * * LOW HITPOINT WARNING * * *
You hit Terence. You punch Terence, but do no damage.
Terence is moderately wounded.
Terence hits you with a +0 short sword.
* * * LOW HITPOINT WARNING * * *
Terence barely misses you.
You sock Terence!
Terence is almost dead.
Terence hits you with a +0 short sword.
You die...

Action                   |  1- 3 |  4- 6 || total
-------------------------+-------+-------++-------
Melee: Dagger            |   109 |       ||   109
       Bite              |    10 |     4 ||    14
       Punch             |     5 |     1 ||     6
       Short sword       |    38 |       ||    38
       Mace              |    23 |    30 ||    53
 Cast: Sandblast         |       |     5 ||     5
  Use: Potion            |       |     2 ||     2
Armor: Robe              |    40 |    10 ||    50
Dodge: Dodged            |    99 |    19 ||   118

Levels and vault maps discovered:
D:1:      roderic_octagonal_star, layout_basic, serial_shops,
          nicolae_shop_behind_doors, st_stairs_4
D:2:      layout_loops_ring, serial_undead, serial_undead_a, serial_undead_c,
          serial_undead_a, serial_undead_c
D:3:      layout_basic, gammafunk_ghost_smash, uniq_grinder, uniq_terence

Notes
Turn   | Place    | Note
-------+----------+-------------------------------------------
     0 | D:1      | sanka the Gnoll Wanderer began the quest for the Orb.
     0 | D:1      | sanka set off with the following items: a +0 dagger, a
                  | potion of mutation {!q}, 29 stones, a +0 robe, a scroll of
                  | silence {!r}; and the following spells available to
                  | memorise: Apportation, Sandblast, Lesser Beckoning, Stone
                  | Arrow, Petrify
     0 | D:1      | Reached XP level 1. HP: 26/26 MP: 4/4
     2 | D:1      | Learned a level 1 spell: Sandblast
   599 | D:1      | Reached XP level 2. HP: 29/33 MP: 5/5
   905 | D:1      | Found Ymot's Antique Armour Shoppe.
  1966 | D:2      | Reached XP level 3. HP: 17/38 MP: 7/7
  2560 | D:2      | Reached skill level 1 in Short Blades
  2560 | D:2      | Reached skill level 1 in Long Blades
  2560 | D:2      | Reached skill level 1 in Axes
  2560 | D:2      | Reached skill level 1 in Maces & Flails
  2560 | D:2      | Reached skill level 1 in Polearms
  2560 | D:2      | Reached skill level 1 in Staves
  2560 | D:2      | Reached skill level 1 in Slings
  2560 | D:2      | Reached skill level 1 in Bows
  2560 | D:2      | Reached skill level 1 in Crossbows
  2560 | D:2      | Reached skill level 1 in Throwing
  2560 | D:2      | Reached skill level 1 in Armour
  2560 | D:2      | Reached skill level 1 in Dodging
  2560 | D:2      | Reached skill level 1 in Stealth
  2560 | D:2      | Reached skill level 1 in Shields
  2560 | D:2      | Reached skill level 1 in Unarmed Combat
  2560 | D:2      | Reached skill level 1 in Evocations
  2851 | D:2      | Reached XP level 4. HP: 32/45 MP: 8/8
  3410 | D:3      | Learned a level 3 spell: Stone Arrow
  3470 | D:3      | Noticed Terence
  3487 | D:3      | Reached skill level 3 in Spellcasting
  3498 | D:3      | HP: 4/45 [Terence/+0 short sword (9)]
  3503 | D:3      | Slain by Terence

Vanquished Creatures
  A howler monkey skeleton (D:2)
  2 adder skeletons (D:2)
  2 worms (D:2)
  3 ball pythons
  3 bats
  4 endoplasms
  3 giant cockroaches
  3 goblins
  2 hobgoblins (D:1)
  11 jackals
  2 quokkas (D:1)
  A frilled lizard (D:2)
  3 kobolds
  A quokka skeleton (D:2)
  2 rats
43 creatures vanquished.
